← All builds
Suicide front / Armada / Factory first / OBSERVED BUILD

Standard suicide front

Armada Suicide front build order · Supreme Isthmus

The role's standard play: bot lab first, Rocketeer/Centurion/Pawn based force pushes into the middle to contest and hold it until T2 arrives.

Usually lab first (63%)

#rush #push · 1370 distinct matches · 134 players · 71% of Armada Suicide front games · team won 59% of 1622 · Recently observed

HOW TO PLAY IT

Key timing: Bot Lab by 0:20

  1. Open with mex and wind, drop Bot Lab immediately.
  2. Push out first "Centurion" as Pond's boost lands.
  3. Send "Rocketeer", "Centurion", "Pawn" mix to contest middle.
  4. Add Dragon's Teeth and Sentries to hold the line.
  5. Get Advanced Metal Extractor up as T2 nears.

Phase by phase

TYPICAL OF ITS 1370 GAMES
  1. 1
  2. 2
  3. 3
PLAY THE OPENING

Follow the example game's first 6:00 step by step: what to build now, what comes next, and where it goes. At 1× it keeps pace with your own game.

  1. 1

    Bot Lab first

    Order
    1. Bot LabBot Lab done ~0:20, middle half 0:20–0:33

    Some games also: mex (36%)

  2. 2

    Bot Lab to 5:00

    Economy
    • Metal Extractor5Mex
    • Wind Turbine4Wind
    Builders
    • Construction Bot3 Con bot
    • Lazarus2 Lazarus
    Army
    • Sentry4 Sentry
    • Rocketeer17 Rocketeer
    • Tick2 Tick
    • Centurion1 Centurion
    Other
    • Radar Tower1 Radar Tower

    Some games also: con turret (35%) · pawn (34%)

    By 5:00 in all: 5 mex · 4 wind

    The example game in this phase · 36 steps
    1. CenturionCenturion
    2. Mex
    3. Wind ×2
    4. SentrySentry
    5. Construction BotCon bot
    6. Mex
    7. Radar TowerRadar Tower
    8. Construction BotCon bot ×2
    9. Mex ×2
    10. LazarusLazarus
    11. SentrySentry
    12. RocketeerRocketeer
    13. SentrySentry
    14. RocketeerRocketeer
    15. Wind
    16. RocketeerRocketeer ×3
    17. Wind
    18. RocketeerRocketeer ×3
    19. Wind
    20. Mex
    21. RocketeerRocketeer
    22. SentrySentry
    23. RocketeerRocketeer
    24. Wind
    25. RocketeerRocketeer ×3
    26. Wind
    27. LazarusLazarus ×2
    28. CenturionCenturion
    29. Wind
    30. LazarusLazarus
    31. CenturionCenturion
    32. Wind
    33. RocketeerRocketeer
    34. LazarusLazarus
    35. Wind
    36. CenturionCenturion
  3. 3

    5:00 to 10:00

    Economy
    • Metal Extractor1Mex
    • Wind Turbine16Wind
    Builders
    • Construction Turret2 Con turret
    • Lazarus2 Lazarus
    • Construction Bot1 Con bot
    Army
    • Sentry1 Sentry
    • Rocketeer8 Rocketeer
    • Pawn1 Pawn

    Some games also: tick (48%) · Radar Tower (46%) · energy storage (46%) · centurion (45%) · Beamer (39%)

    By 10:00 in all: 6 mex · 22 wind · 1 energy storage · 3 con turret

    The example game in this phase · 76 steps
    1. PawnPawn ×2
    2. Wind
    3. PawnPawn
    4. LazarusLazarus
    5. CenturionCenturion
    6. Wind
    7. LazarusLazarus
    8. CenturionCenturion
    9. Wind
    10. RocketeerRocketeer ×2
    11. LazarusLazarus
    12. Wind
    13. CenturionCenturion ×2
    14. Wind
    15. PawnPawn
    16. Construction BotCon bot
    17. Wind
    18. Construction BotCon bot ×2
    19. RocketeerRocketeer ×2
    20. Wind
    21. Construction BotCon bot
    22. Advanced Metal ExtractorT2 mexdone 8:13 · typical 9:37
    23. Construction BotCon bot ×2
    24. Wind ×2
    25. Energy storage
    26. Advanced Metal ExtractorT2 mex
    27. SentrySentry
    28. Wind
    29. MaceMace
    30. Advanced Metal ExtractorT2 mex
    31. Wind ×2
    32. Pit BullPit Bull
    33. Wind
    34. Advanced Metal ExtractorT2 mex
    35. Pit BullPit Bull
    36. Wind ×2
    37. Advanced Radar TowerAdvanced Radar Tower
    38. Con turret ×2
    39. Wind
    40. Bot LabBot Labdone 11:01
    41. TickTick
    42. RattlesnakeRattlesnakedone 11:51
    43. TickTick
    44. Wind
    45. Sneaky PeteSneaky Pete
    46. TickTick ×6
    47. Wind
    48. TickTick ×2
    49. Wind
    50. RattlesnakeRattlesnake
    51. TickTick ×3
    52. Construction BotCon bot ×5
    53. TickTick
    54. Sneaky PeteSneaky Pete
    55. TickTick
    56. BeamerBeamer
    57. TickTick ×4
    58. Pit BullPit Bull
    59. Wind
    60. TickTick
    61. BeamerBeamer
    62. TickTick
    63. Wind
    64. TickTick
    65. Wind ×2
    66. TickTick
    67. BeamerBeamer
    68. Wind
    69. TickTick
    70. Advanced Metal ExtractorT2 mex
    71. Mex
    72. TickTick
    73. Wind
    74. RattlesnakeRattlesnake
    75. Wind
    76. BeamerBeamer

Counts are medians over the build's games: half of them build more, half fewer. The example game is SusCheeze's (44 OS, 03/10/2026); pick another.

Team trades

IN AT LEAST 30% OF ITS GAMES

You hand over

Nothing regular.

You get

  • Tidal Generator4 Tidal from Pondfirst at 0:10 · in 69% of games
  • Advanced Construction Bot1 T2 con bot from Geo or Techfirst at 7:31 · in 59% of games

How it plays out

Typical game of this build, running totals by minute

Metal produced

010k20k30k
0:005:0010:0015:00

metal

Enemy metal destroyed

05k10k
0:005:0010:0015:00

metal

Own metal lost

05k10k
0:005:0010:0015:00

metal

1622 games.

Show as table
ByMetal produced: This buildEnemy metal destroyed: This buildOwn metal lost: This build
1:0022500
2:0088800
3:002046182106
4:003153660497
5:00424214231017
6:00543423021780
7:00667131742707
8:00792440303620
9:00928547894504
10:001067154195322
11:001222558976059
12:001407665136804
13:001614670297522
14:001797976778330
15:002028882939186
WHAT THE NUMBERS SAY

Standard suicide front play wins slightly more than half its games with fast kills but also fast losses, matching the raw grind of the role.

  • + First kill lands by 2:04 in all games
  • + Metal produced reaches 19882 by 15:00
  • − Own metal lost hits 9208 by 15:00, near metal destroyed of 8172
  • − First unit lost as early as 2:08 in every game
THE EXAMPLE YOU ARE READING

SusCheeze

44.5 OS · 03/10/2026

Open source match ↗

29 received units · includes a constructor
88 metal received · 76600 energy received

Allied construction assistance is unknown. Timings are observations, not a promise of solo reproducibility.

Typical milestones

Bot Lab0:20Middle 50%: 0:20–0:33 · n=1615
Advanced Metal Extractor9:37Middle 50%: 8:42–10:48 · n=1197

Played most by

_X_255games of this buildPlatinumBlonde183games of this buildXad147games of this buildImmort78games of this buildTrapCaT68games of this build
Standard suicide front · Armada Suicide front build order · BAR Build Atlas